 Dungeon Crawl Stone Soup version 0.28-a0-199-g298df9dbad (webtiles) character file.

Game seed: 17021146790612344465

1030 ipx the Chiller (level 8, 0/41 HPs)
             Began as a Deep Elf Ice Elementalist on Aug 19, 2021.
             Was an Initiate of Vehumet.
             Killed from afar by a white imp (9 damage)
             ... with a puff of frost
             ... on level 6 of the Dungeon.
             The game lasted 00:32:58 (2201 turns).

ipx the Chiller (Deep Elf Ice Elementalist)         Turns: 2201, Time: 00:32:59

Health: 0/41       AC:  3    Str:  5    XL:     8   Next: 3%
Magic:  13/19      EV: 12    Int: 23    God:    Vehumet [......]
Gold:   241        SH:  0    Dex: 15    Spells: 6/19 levels left

rFire   . . .      SeeInvis .   a - +3 flail
rCold   . . .      Faith    .   (no shield)
rNeg    . . .      Spirit   .   e - +0 robe
rPois   .          Reflect  .   (no helmet)
rElec   .          Harm     .   (no cloak)
rCorr   .          Rampage  .   (no gloves)
Will    .....                   n - +0 pair of boots
Stlth   ++........              (no amulet)
HPRegen 0.13/turn               (no ring)
MPRegen 0.16/turn               (no ring)

@: no status effects
A: no striking features
a: Renounce Religion


You were on level 6 of the Dungeon.
You worshipped Vehumet.
Vehumet was noncommittal.
You visited 1 branch of the dungeon, and saw 7 of its levels.

You collected 241 gold pieces.

Inventory:

Hand Weapons
 a - a +3 flail (weapon)
 b - a +2 vorpal long sword
Armour
 e - a +0 robe (worn)
 n - a +0 pair of boots (worn)
 o - a +0 buckler
Magical Staves
 k - a staff of earth
Wands
 d - a wand of digging (6)
 s - a wand of mindburst (13)
Scrolls
 f - 4 scrolls of vulnerability
 g - 4 scrolls of amnesia
 j - 2 scrolls of teleportation
 l - a scroll of enchant armour {unknown}
 p - 2 scrolls of enchant weapon
 t - a scroll of magic mapping {unknown}
Potions
 c - a potion of attraction {unknown}
 h - a potion of berserk rage {unknown}
 i - a potion of ambrosia {unknown}
 m - 2 potions of heal wounds {unknown}
 q - 4 potions of curing
 r - a potion of lignification {unknown}
 u - a potion of brilliance {unknown}
 v - a potion of magic {unknown}
 W - 2 potions of flight


   Skills:
 - Level 2.4 Dodging
 - Level 2.4 Stealth
 + Level 6.2 Spellcasting
 + Level 3.3 Conjurations
 + Level 7.9 Ice Magic
 - Level 3.0 Air Magic
 - Level 3.0 Poison Magic
 + Level 1.1 Evocations


You had 6 spell levels left.
You knew the following spells:

 Your Spells              Type           Power      Damage    Failure   Level
h - Hailstorm             Conj/Ice       33%        3d8       9%          4
o - Ozocubu's Armour      Ice            43%        N/A       1%          3
p - Poisonous Vapours     Pois/Air       42%        N/A       3%          2
r - Frozen Ramparts       Ice            86%        1d10      1%          3
z - Freeze                Ice            100%       1d11      1%          1

Your spell library contained the following spells:

 Spells                   Type           Power      Damage    Failure   Level
 Magic Dart               Conj           88%        1d7       1%          1
 Static Discharge         Conj/Air       21%        N/A       3%          2
 Corpse Rot               Necr/Air       N/A        N/A       7%          2
 Mephitic Cloud           Conj/Pois/Air  21%        N/A       7%          3
 Call Imp                 Summ           7%         N/A       13%         2
 Freezing Cloud           Conj/Ice/Air   14%        6-21      32%         5
 Fulminant Prism          Conj/Hex       7%         3d7       38%         4
 Iskenderun's Mystic Bla  Conj/Tloc      15%        2d5       38%         4
 Lightning Bolt           Conj/Air       10%        1d23      52%         5
 Lee's Rapid Deconstruct  Erth           3%         3d6*      93%         5
 Maxwell's Capacitive Co  Air            10%        ∞         100%        8


Dungeon Overview and Level Annotations

Branches:
Dungeon (7/15)             Temple (0/1) D:6

Altars:
Nemelex Xobeh
Uskayaw
Vehumet
Zin


Message History

Autopickup is now off.
You see here a scroll of identify.
As you read the scroll of identify, it crumbles to dust.
j - 2 scrolls of teleportation Autopickup is now on.
Found an escape hatch in the floor.
Found a book of Alchemy.
A white imp comes into view.
Found 25 stones.
You see here a book of Alchemy.
The white imp shouts, "Fly, thou mewling sheep-biting gonus!"
The white imp hits you but does no damage.
Casting: Frozen Ramparts (safe; 1% risk of failure)
Confirm with . or Enter, or press ? or * to list all spells.
A film of ice covers your body! The white imp closely misses you.
You hit the white imp.
The white imp is moderately wounded.
The white imp closely misses you.
You hit the white imp but do no damage.
The white imp is moderately wounded.
The white imp sputters.
The white imp hits you. The white imp freezes you.
An electric eel comes into view.
The white imp grinds its teeth.
The white imp gestures at you.
The puff of frost hits you but does no damage.
You closely miss the white imp.
The white imp is moderately wounded.
The electric eel shoots out a bolt of lightning at you!
The bolt of electricity misses the white imp.
The bolt of electricity hits you! The white imp hits you.
* * * LOW HITPOINT WARNING * * *
The white imp freezes you.
* * * LOW HITPOINT WARNING * * *
Your icy armour will break if you move.
Continue?
Your icy armour cracks and falls away as you move.
You see here a book of Alchemy.
The white imp gestures at you. The puff of frost hits you!
You die...

#..# #..# # .# #..#.# .#
#..#.#### .# #####.>......
.# ##########........# # .#
##..........###.#..... .#.
..........#####.#....#
.#.###.####.#.#.@........#
.#...#.####.#.#:###.#......
.###.#......#.#5.(..#.#..##
............#.#..####.# .#
.........♣♣♣#.#..# #.# #
...#.###≈≈♣ ♣.#..# #.#
##.#..≈≈≈≈≈≈≈♣#... ..#
...#.♣P♣≈P≈≈♣♣♣♣.. ..#
...#.≈♣≈≈≈≈≈≈≈≈;#####.#


You could see a white imp.

Vanquished Creatures
  A water moccasin (D:5)
  An ogre (D:6)
  A necrophage (D:7)
  A centaur (D:7)
  A phantom (D:4)
  A bullfrog (D:6)
  A gnoll sergeant (D:7)
  A scorpion (D:5)
  An electric eel (D:6)
  2 hounds (D:5)
  2 orc priests (D:5)
  Terence (D:3)
  2 iguanas
  An orc wizard (D:3)
  4 gnolls (D:7)
  5 adders
  A shadow imp (D:7)
  An adder skeleton (D:4)
  A worm (D:5)
  2 dart slugs
  4 orcs
  4 ball pythons
  3 bats
  3 endoplasms
  A giant cockroach (D:2)
  2 goblins (D:1)
  3 hobgoblins
  6 jackals
  5 quokkas
  2 frilled lizards
  8 kobolds
  2 rats
74 creatures vanquished.

Vanquished Creatures (others)
  15 plants
15 creatures vanquished.

Grand Total: 89 creatures vanquished

Notes
Turn   | Place    | Note
-------+----------+-------------------------------------------
     0 | D:1      | ipx the Deep Elf Ice Elementalist began the quest for the
                  | Orb.
     0 | D:1      | Reached XP level 1. HP: 10/10 MP: 6/6
   109 | D:1      | Reached XP level 2. HP: 10/15 MP: 4/8
   133 | D:1      | Reached skill level 5 in Ice Magic
   401 | D:2      | Reached XP level 3. HP: 14/19 MP: 4/9
   405 | D:2      | Learned a level 3 spell: Frozen Ramparts
   409 | D:2      | Learned a level 3 spell: Ozocubu's Armour
   515 | D:3      | Found a faded altar of an unknown god.
   540 | D:3      | Found a glowing silver altar of Zin.
   540 | D:3      | Noticed an angel
   608 | D:3      | Reached skill level 6 in Ice Magic
   608 | D:3      | Reached XP level 4. HP: 24/24 MP: 3/10
   622 | D:3      | Noticed Terence
   631 | D:3      | Killed Terence
   704 | D:5      | Entered Level 5 of the Dungeon
   853 | D:4      | Reached skill level 7 in Ice Magic
   857 | D:4      | Reached XP level 5. HP: 28/28 MP: 6/11
   860 | D:4      | Learned a level 2 spell: Poisonous Vapours
   987 | D:4      | Noticed a phantom
   997 | D:4      | Killed a phantom
   998 | D:4      | Reached skill level 1 in Air Magic
   998 | D:4      | Reached skill level 1 in Poison Magic
  1106 | D:5      | Reached XP level 6. HP: 22/32 MP: 6/14
  1129 | D:5      | Found a sparkling altar of Nemelex Xobeh.
  1270 | D:5      | Noticed a water moccasin
  1276 | D:5      | Killed a water moccasin
  1282 | D:5      | Learned a level 4 spell: Hailstorm
  1293 | D:5      | Found a radiant altar of Vehumet.
  1299 | D:5      | Became a worshipper of Vehumet
  1434 | D:5      | Found a hide-covered altar of Uskayaw.
  1680 | D:6      | Reached skill level 5 in Spellcasting
  1680 | D:6      | Reached skill level 1 in Conjurations
  1680 | D:6      | Reached XP level 7. HP: 23/36 MP: 3/16
  1950 | D:6      | Found a staircase to the Ecumenical Temple.
  2103 | D:5      | Reached XP level 8. HP: 18/41 MP: 6/19
  2113 | D:5      | Reached skill level 1 in Evocations
  2201 | D:6      | Killed from afar by a white imp

Illustrated notes

Levels and vault maps discovered:
D:1:      matt_arrival_refuge, layout_loops_ring, chequers_garden
D:2:      cheibrodos_old_hovel, layout_basic, basic_altar, minmay_misc_feat_tiny
D:3:      layout_loops_ring, grunt_temple_overflow_bloody_war, zin_angel,
          minitemple, hellmonk_ecumenical_altar_pennies_from_heaven,
          minmay_misc_feat_alley, uniq_terence, uniq_grinder
D:4:      minmay_evil_eye, layout_basic, kennysheep_little_box
D:5:      layout_basic, nicolae_vehumet_altar_sigil,
          nemelex_diamond_rough_becter, mainiacjoe_overflow_tiny_flanked,
          minmay_puff
D:6:      layout_basic, temple_fountains, serial_bayou, serial_bayou_pond_e,
          serial_bayou_ford_a, serial_bayou_pond_b, serial_bayou_shore_a,
          serial_bayou_lake_a, uniq_menkaure
D:7:      layout_gridville, old_standard_altar, serial_bayou_pond_a, uniq_pikel

Skill      XL: |  1  2  3  4  5  6  7  8 |
---------------+-------------------------+-----
Ice Magic      | 5 6 7 |  7.9
Air Magic      | 1 3 |  3.0
Poison Magic   | 1 3 |  3.0
Spellcasting   | 4 5 6 |  6.2
Conjurations   | 1 3 |  3.3
Evocations     | 1 |  1.1
Dodging        | |  2.4
Stealth        | |  2.4

Action                   |  1- 3 |  4- 6 |  7- 9 || total
-------------------------+-------+-------+-------++-------
Melee: Whip              |     4 |    29 |    25 ||    58
       Flail             |       |       |    16 ||    16
 Cast: Freeze            |    37 |    13 |     3 ||    53
       Frozen Ramparts   |     1 |    14 |     5 ||    20
       Ozocubu's Armour  |     1 |     6 |     6 ||    13
       Poisonous Vapours |       |     7 |    12 ||    19
Evoke: Wand              |       |     3 |       ||     3
  Use: Scroll            |       |     4 |     2 ||     6
 Stab: Sleeping          |       |     2 |       ||     2
Armor: Robe              |     5 |     9 |    30 ||    44
Dodge: Dodged            |    11 |    23 |    32 ||    66

Table legend: (Time is in decaauts)
 A = Elapsed time spent in this place.
 B = Non-inter-level travel time spent in this place.
 C = Inter-level travel time spent in this place.
 D = Time resting spent in this place.
 E = Time spent auto-exploring this place.
 F = Levels seen in this place.
 G = Mean time per level.
                   A        B        C        D        E       F      G
               +--------+--------+--------+--------+--------+-----+--------+
         Total |   2340 |   2340 |      0 |      0 |      0 |   7 |  334.3 |
       Dungeon |   2340 |   2340 |      0 |      0 |      0 |   7 |  334.3 |
               +--------+--------+--------+--------+--------+-----+--------+

Top non-repeatable levels by time:
     D:6: 508 daAuts
     D:5: 456 daAuts
     D:1: 315 daAuts
     D:3: 314 daAuts
     D:4: 305 daAuts
     D:7: 254 daAuts
     D:2: 185 daAuts
